 Dungeon Crawl Stone Soup version 0.28.0-45-g0d030f2227 (webtiles) character file.

Game seed: 1838661652168653955

1776 bnorton916 the Frost Mage (level 9, -12/53 (57) HPs)
             Began as a Barachi Ice Elementalist on Apr 4, 2022.
             Was an Initiate of Cheibriados.
             Mangled by a wight
             ... wielding a +3 morningstar of freezing
              (13 damage)
             ... on level 7 of the Dungeon.
             The game lasted 00:17:40 (10412 turns).

bnorton916 the Frost Mage (BaIE)                   Turns: 10412, Time: 00:17:41

HP:   -12/53 (57)   AC:  3    Str: 10    XL:     9   Next: 8%
MP:   11/20         EV: 12    Int: 21    God:    Cheibriados [......]
Gold: 338           SH:  0    Dex: 14    Spells: 12/23 levels left

rFire   . . .      SeeInvis +   n - +0 spear
rCold   . . .      Faith    .   (no shield)
rNeg    . . .      Spirit   .   p - +0 leather armour of Simuvufa {Slay+3}
rPois   .          Reflect  .   (no helmet)
rElec   .          Harm     .   w - scarf {+Inv}
rCorr   .          Rampage  .   (no gloves)
Will    +....                   (no boots)
Stlth   ++........              (no amulet)
HPRegen 0.17/turn               s - ring of flight
MPRegen 0.17/turn               q - ring of Muhosab {Will+ SInv}

@: unable to hop, flying, drained, very slow
A: amphibious, slowness 1, strong legs 1, +LOS
a: Hop, Renounce Religion, Evoke Invisibility


You were on level 7 of the Dungeon.
You worshipped Cheibriados.
Cheibriados was noncommittal.
You visited 2 branches of the dungeon, and saw 9 of its levels.

You collected 338 gold pieces.

Inventory:

Hand Weapons
 n - a +0 spear (weapon)
 r - a +1 vampiric war axe
Missiles
 m - 187 stones (quivered)
Armour
 p - the +0 leather armour of Simuvufa (worn) {Slay+3}
   (You found it on level 3 of the Dungeon)

   Slay:      It affects your accuracy & damage with ranged weapons and melee
   (+3).
 w - a scarf of invisibility (worn)
Magical Staves
 f - a staff of air
Jewellery
 q - the ring of Muhosab (right hand) {Will+ SInv}
   (You acquired it on level 6 of the Dungeon)

   [ring of see invisible]

   SInv:      It lets you see invisible.
   Will:      It increases your willpower.
 s - a ring of flight (left hand)
Wands
 y - a wand of paralysis (4)
 A - a wand of mindburst (18)
 B - a wand of iceblast (12)
Scrolls
 c - 2 scrolls of teleportation
 d - 3 scrolls of blinking
 e - a scroll of enchant armour
 h - 2 scrolls of fear
 i - a scroll of immolation {unknown}
 j - 5 scrolls of fog
 k - a scroll of amnesia {unknown}
 l - a scroll of holy word {unknown}
 v - a scroll of magic mapping {unknown}
 x - a scroll of identify
Potions
 a - a potion of invisibility {unknown}
 b - a potion of curing
 g - a potion of lignification
 o - 3 potions of might
 t - 2 potions of cancellation
 u - a potion of brilliance {unknown}
 z - a potion of berserk rage {unknown}


   Skills:
 - Level 4.0 Armour
 - Level 2.1 Dodging
 - Level 1.7 Stealth
 + Level 7.7 Spellcasting
 + Level 5.2 Summonings
 - Level 9.1 Ice Magic


You had 12 spell levels left.
You knew the following spells:

 Your Spells              Type           Power      Damage    Failure   Level
a - Freeze                Ice            100%       1d11      1%          1
b - Frozen Ramparts       Ice            92%        1d11      1%          3
c - Ozocubu's Armour      Ice            46%        N/A       1%          3
d - Summon Ice Beast      Ice/Summ       38%        N/A       5%          4

Your spell library contained the following spells:

 Spells                   Type           Power      Damage    Failure   Level
 Hailstorm                Conj/Ice       27%        3d7       16%         4
 Ice Form                 Ice/Tmut       27%        N/A       16%         4
 Summon Forest            Summ/Tloc      9%         N/A       71%         5
 Summon Mana Viper        Hex/Summ       19%        N/A       71%         5
 Summon Cactus Giant      Summ           15%        N/A       88%         6


Dungeon Overview and Level Annotations

Branches:
Dungeon (8/15)             Temple (1/1) D:4
   Lair: D:8-11

Altars:
Ashenzari
Cheibriados
Dithmenos
Elyvilon
Fedhas
Hepliaklqana
Kikubaaqudgha
Makhleb
Nemelex Xobeh
Okawaru
Qazlal
Ru
Sif Muna
Trog
Uskayaw
Vehumet
Wu Jian
Xom
Yredelemnul
Zin
The Shining One

Annotations:
D:8 3 runed translucent doors, terff's ghost, novice HOFi


Innate Abilities, Weirdness & Mutations

You are amphibious.
You cover ground slowly.
You can hop short distances.
You have an extended range of vision and can be seen from far away.


Message History

Your ice beast dies!
Your ice beast disappears in a puff of smoke!
Casting: Summon Ice Beast (dangerous; 5% risk of failure)
Confirm with . or Enter, or press ? or * to list all spells.
A chill wind blows around you. The wight barely misses you.
You swap places.
The wight misses your ice beast.
Your ice beast hits the wight.
Your ice beast freezes the wight.
The wight resists.
Your ice beast hits the wight.
Your ice beast freezes the wight.
The wight resists.
Your ice beast hits the wight but does no damage.
The wight hits your ice beast but does no damage.
Your ice beast hits the wight but does no damage.
The wight hits your ice beast with a +3 long sword!
The wight drains your ice beast.
Your ice beast completely misses the wight.
The wight hits your ice beast with a +3 long sword.
Your ice beast hits the wight but does no damage.
The wight barely misses your ice beast.
Your ice beast barely misses the wight.
The wight hits your ice beast with a +3 long sword!
Your ice beast dies!
Your ice beast disappears in a puff of smoke!
The wight hits you with a +3 long sword!
You feel drained. The wight closely misses you.
The wight hits you with a +3 long sword.
You feel drained.
The wight hits you with a +3 morningstar of freezing!
You feel drained. The wight freezes you. The wight barely misses you.
The wight hits you from afar with a +0 spear!
* * * LOW HITPOINT WARNING * * *
The wight barely misses you. x2
The wight hits you from afar with a +0 spear.
* * * LOW HITPOINT WARNING * * *
The wight hits you with a +3 morningstar of freezing.
* * * LOW HITPOINT WARNING * * *
The wight freezes you.
* * * LOW HITPOINT WARNING * * *
The wight hits you with a +3 morningstar of freezing!
You die...

... ........#.## # ...
##....##.#
#.....#.##....##.#
.#.#............#
......####...### ##.##
##.....## #...#
##.......##
##...####zz.......###
#.......@zzz......'...
##...####.........####.
#..## ##.......## #.##
##.....## #.# ##...##
#.# ##+## #.# #.#
#.#### #.# #....# ##.##


You could see 5 wights.

Vanquished Creatures
  A sky beast (D:8)
  A black bear (D:5)
  An ice beast (D:5)
  2 ogres (D:5)
  3 centaurs (D:6)
  2 necrophages
  2 scorpions (D:5)
  A water moccasin zombie (D:5)
  2 howler monkeys
  3 hounds
  2 centaur skeletons
  2 orc priests (D:8)
  A jelly (D:4)
  2 bullfrog skeletons
  An iguana (D:5)
  2 orc wizards
  A hound skeleton (D:4)
  7 adders
  3 gnolls (D:3)
  A shadow imp (D:3)
  An ufetubus (D:7)
  3 adder skeletons (D:4)
  6 worms
  4 dart slugs
  10 orcs
  2 bats (D:3)
  10 endoplasms
  2 giant cockroaches (D:3)
  6 goblins
  5 hobgoblins
  2 jackals (D:3)
  3 quokkas
  9 ball pythons
  6 kobolds
  4 rats
113 creatures vanquished.

Vanquished Creatures (collateral kills)
  A phantom (D:4)
1 creature vanquished.

Grand Total: 114 creatures vanquished

Notes
Turn   | Place    | Note
-------+----------+-------------------------------------------
     0 | D:1      | bnorton916 the Barachi Ice Elementalist began the quest for
                  | the Orb.
     0 | D:1      | Reached XP level 1. HP: 13/13 MP: 3/3
   360 | D:1      | Reached skill level 5 in Ice Magic
   756 | D:1      | Reached XP level 2. HP: 18/19 MP: 1/5
  1437 | D:2      | Reached XP level 3. HP: 18/24 MP: 4/7
  1619 | D:2      | Learned a level 3 spell: Frozen Ramparts
  1623 | D:2      | Learned a level 3 spell: Ozocubu's Armour
  2283 | D:2      | Found a faded altar of an unknown god.
  2635 | D:3      | Reached XP level 4. HP: 27/30 MP: 0/9
  3117 | D:3      | Reached skill level 6 in Ice Magic
  3522 | D:3      | Reached XP level 5. HP: 35/35 MP: 6/10
  3917 | D:3      | Identified the +0 leather armour of Simuvufa {Slay+3}
  4336 | D:3      | Reached skill level 1 in Armour
  5135 | D:4      | Noticed a phantom
  5218 | D:4      | Reached XP level 6. HP: 13/41 MP: 5/12
  5670 | D:4      | Found a staircase to the Ecumenical Temple.
  5680 | Temple   | Entered the Ecumenical Temple
  5850 | D:4      | Identified the +0 pair of gloves "Yhos" {Rampage rF+ rN+
                  | Int-4}
  5931 | D:5      | Entered Level 5 of the Dungeon
  6006 | D:5      | Reached skill level 7 in Ice Magic
  6441 | D:5      | Noticed a black bear
  6689 | D:6      | Noticed a necrophage
  6702 | D:6      | Killed a necrophage
  6703 | D:6      | Reached skill level 5 in Spellcasting
  6703 | D:6      | Reached XP level 7. HP: 31/46 MP: 5/14
  7211 | D:6      | Identified a scroll of acquirement
  7212 | D:6      | Acquired the ring of Muhosab {Will+ SInv}
  7236 | D:6      | Found a glowing silver altar of Zin.
  7277 | D:6      | Found a sparkling altar of Nemelex Xobeh.
  7505 | D:6      | Reached skill level 8 in Ice Magic
  7538 | D:6      | HP: 2/46 [centaur/arrow (2)]
  8060 | D:5      | Reached XP level 8. HP: 43/52 MP: 10/17
  8070 | D:5      | Learned a level 4 spell: Summon Ice Beast
  8296 | D:5      | Reached skill level 1 in Summonings
  8449 | D:5      | Reached skill level 9 in Ice Magic
  8565 | D:5      | Found a snail-covered altar of Cheibriados.
  8601 | D:5      | Became a worshipper of Cheibriados the Contemplative
  8639 | D:5      | Acquired a book of the Wilderness
  9875 | D:7      | You are sucked into a shaft and drop 1 floor!
  9890 | D:8      | Found a runed translucent gate.
  9891 | D:8      | Found a runed translucent gate.
  9898 | D:8      | Noticed a yak
  9903 | D:8      | Noticed terff's ghost (novice HOFi)
  9921 | D:8      | Reached XP level 9. HP: 26/57 MP: 8/20
 10092 | D:8      | Found a runed translucent gate.
 10175 | D:7      | Reached skill level 5 in Summonings
 10412 | D:7      | HP: 1/53 [wight/+3 morningstar of freezing (2)]
 10412 | D:7      | Mangled by a wight

Illustrated notes

Levels and vault maps discovered:
D:1:      dpeg_arrival_line_fractal, layout_loops_ring, minmay_split_cup_large
D:2:      layout_loops_ring, ebering_ecumenical_altar_mist,
          chequers_serial_rivers_micro_d
D:3:      minmay_diamond_boxcup, layout_basic, minmay_misc_feat_diagonals,
          minmay_hedge_maze
D:4:      layout_basic, minmay_temple_entry_poolview
D:5:      layout_rooms, nicolae_overflow_crystal_walls
D:6:      layout_loops_ring, mainiacjoe_overflow_two_lobes
D:7:      layout_loops_corners, minmay_misc_feat_room,
          corexii_item_surrounded_by_moat
D:8:      layout_basic, gammafunk_ghost_split
Temple:   hc_temple_tempest_star

Skill      XL: |  1  2  3  4  5  6  7  8  9 |
---------------+----------------------------+-----
Ice Magic      | 5 6 7 8 9 |  9.1
Spellcasting   | 3 4 5 6 7 |  7.7
Armour         | 1 3 4 |  4.0
Summonings     | 4 5 |  5.2
Dodging        | |  2.1
Stealth        | |  1.7

Action                   |  1- 3 |  4- 6 |  7- 9 || total
-------------------------+-------+-------+-------++-------
Melee: Unarmed           |     1 |       |       ||     1
       Spear             |       |   126 |    90 ||   216
       Punch             |       |     6 |       ||     6
Throw: Stone             |       |     3 |       ||     3
       Dart              |       |       |     1 ||     1
 Cast: Freeze            |    46 |    10 |     1 ||    57
       Frozen Ramparts   |     3 |    39 |    26 ||    68
       Ozocubu's Armour  |       |     9 |    17 ||    26
       Summon Ice Beast  |       |       |     6 ||     6
 Abil: Hop               |       |     2 |     2 ||     4
  Use: Scroll            |       |    10 |     4 ||    14
       Potion            |       |       |     5 ||     5
Armor: Robe              |     4 |    38 |    13 ||    55
       Leather armour    |       |       |    45 ||    45
Dodge: Dodged            |    29 |    81 |    87 ||   197
